 Dungeon Sprint DCSS version 0.31-a0-795-g5eb97db20b (webtiles) character file.

Game seed: 7075508450834311943

655 sircluck the Grappler (level 7, -3/120 HPs)
             Began as a Troll Berserker on Sept 18, 2023.
             Was a High Priest of Trog.
             Slain by a demonic crawler (6 damage)
             ... in the Dungeon (Sprint VII: "The Pits").
             The game lasted 00:00:43 (276 turns).

sircluck the Grappler (Troll Berserker)              Turns: 276, Time: 00:00:44

Health: -3/120     AC:  4    Str: 28    XL:     7   Next: 29%
Magic:  6/6        EV: 12    Int:  3    God:    Trog [*****.]
Gold:   0          SH:  0    Dex:  9    Spells: 6/6 levels left

rFire   . .          .
                       - Unarmed
rCold   . . .        (no shield)
rNeg    . . .        a - +0 animal skin
rPois   .            (helmet restricted)
rElec   .            (no cloak)
rCorr   .            (gloves unavailable)
SInv    .            (boots unavailable)
Will    .....        (no amulet) Stlth
                     (no ring)
HPRegen 1.20/turn    (no ring)
MPRegen 0.10/turn

%: no teleportation
@: berserking, very quick
A: large, unfitting armour, claws 3, regeneration 1, shaggy fur 1, tough skin 1
a: Renounce Religion, Berserk, Trog's Hand, Brothers in Arms


You were in the Dungeon.
You worshipped Trog.
Trog was extremely pleased with you.
You visited 1 branch

Inventory:

Armour
 a - a +0 animal skin (worn)
Scrolls
 g - a scroll of blinking
 i - 2 scrolls of vulnerability
 j - a scroll of butterflies
Potions
 b - 6 potions of curing
 c - 6 potions of heal wounds
 d - a potion of haste
 e - 4 potions of magic
 f - 3 potions of berserk rage
 h - 2 potions of invisibility


   Skills:
 + Level 8.2 Fighting
 + Level 8.1 Dodging
 + Level 9.7 Unarmed Combat


You had 6 spell levels left.
You didn't know any spells.
Your spell library was empty.

Dungeon Overview and Level Annotations

Branches:
Dungeon (1/1)

Altars:
Ashenzari
Cheibriados
Dithmenos
Elyvilon
Fedhas
Gozag
Hepliaklqana
Kikubaaqudgha
Makhleb
Nemelex Xobeh
Okawaru
Qazlal
Ru
Sif Muna
Trog
Uskayaw
Vehumet
Wu Jian
Xom
Yredelemnul
Zin
The Shining One
Jiyva
Lugonu


Innate Abilities, Weirdness & Mutations

You are too large for most types of armour.
You have claws for hands.
Your natural rate of healing is unusually fast.
You are covered in fur. (AC +1)
You have tough skin. (AC +1)


Message History

An orc is nearby!
An orc is nearby!
An orc is nearby!
An orc is nearby!
An orc is nearby!
The orc hits you with a +0 whip.
There is an open door here.
You claw the orc!
You kill the orc!
Trog accepts your kill.
You recover from your berserk rage.
No target in view!
No target in view!
No target in view!
No target in view!
No target in view!
No target in view!
No target in view!
You open the door.
A demonic crawler comes into view.
The demonic crawler gives a hideous shriek!
The demonic crawler hits you. x2; The demonic crawler hits you!
You barely miss the demonic crawler. The demonic crawler closely misses you.
The demonic crawler hits you. The demonic crawler barely misses you.
You mangle the demonic crawler!!
The demonic crawler is moderately wounded.
The demonic crawler hits you! x2
* * * LOW HITPOINT WARNING * * *
The demonic crawler completely misses you.
A red film seems to cover your vision as you go berserk!
You feel yourself moving faster!
You feel mighty! The demonic crawler hits you.
* * * LOW HITPOINT WARNING * * *
The demonic crawler hits you!
* * * LOW HITPOINT WARNING * * *
The demonic crawler hits you!
* * * LOW HITPOINT WARNING * * *
You mangle the demonic crawler!!
The demonic crawler is heavily wounded.
The demonic crawler hits you.
You die...

#)#........##.......##..#
#'###########.......##..#
#.)#.#.## #########
#.......# ##.#.#.##
#.......#+# ##.#.#.##.+
#.......#s# ##.#.#..@)#
##########


You could see a demonic crawler.

Vanquished Creatures
  A spriggan (D)
  A black bear (D)
  An orc warrior (D)
  An ogre (D)
  A phantom (D)
  A necrophage (D)
  An orc priest (D)
  An orc wizard (D)
  A mummy (D)
  A river rat (D)
  An adder zombie (D)
  7 orcs (D)
  A goblin (D)
  A quokka (D)
  A ball python zombie (D)
  2 kobolds (D)
23 creatures vanquished.

Notes
Turn   | Place    | Note
-------+----------+-------------------------------------------
     0 | D        | sircluck the Troll Berserker began the quest for the Orb.
     0 | D        | Reached XP level 1. HP: 22/22 MP: 0/0
    12 | D        | Noticed a spriggan
    12 | D        | Noticed a snapping turtle
    16 | D        | Killed a spriggan
    17 | D        | Reached skill level 5 in Fighting
    17 | D        | Reached skill level 5 in Dodging
    17 | D        | Reached skill level 6 in Unarmed Combat
    17 | D        | Reached XP level 2. HP: 35/35 MP: 1/1
    17 | D        | Reached XP level 3. HP: 42/42 MP: 2/2
    17 | D        | Reached XP level 4. HP: 50/50 MP: 3/3
    17 | D        | Reached XP level 5. HP: 58/58 MP: 4/4
    75 | D        | Found a bloodstained altar of Trog.
    75 | D        | Found a shimmering blue altar of Sif Muna.
    75 | D        | Found a viscous altar of Jiyva.
    75 | D        | Found a hazy altar of Hepliaklqana.
    75 | D        | Found an opulent altar of Gozag.
    76 | D        | Found a glowing golden altar of the Shining One.
    76 | D        | Found a glowing silver altar of Zin.
    76 | D        | Found a basalt altar of Yredelemnul.
    76 | D        | Found a shimmering altar of Xom.
    76 | D        | Found an ornate altar of the Wu Jian Council.
    76 | D        | Found a sacrificial altar of Ru.
    76 | D        | Found a stormy altar of Qazlal.
    76 | D        | Found an iron altar of Okawaru.
    76 | D        | Found a sparkling altar of Nemelex Xobeh.
    76 | D        | Found a burning altar of Makhleb.
    76 | D        | Found a blossoming altar of Fedhas.
    76 | D        | Found a white marble altar of Elyvilon.
    76 | D        | Found a shadowy altar of Dithmenos.
    76 | D        | Found a snail-covered altar of Cheibriados.
    80 | D        | Found a corrupted altar of Lugonu.
    80 | D        | Found a radiant altar of Vehumet.
    81 | D        | Found a broken altar of Ashenzari.
    81 | D        | Found an ancient bone altar of Kikubaaqudgha.
    81 | D        | Found a hide-covered altar of Uskayaw.
   120 | D        | Reached ** piety under Trog
   142 | D        | Reached *** piety under Trog
   151 | D        | Reached skill level 7 in Unarmed Combat
   192 | D        | Noticed an orc warrior
   192 | D        | Noticed a phantom
   195 | D        | Noticed an ogre
   207 | D        | Killed an ogre
   208 | D        | Reached XP level 6. HP: 61/68 MP: 5/5
   215 | D        | Reached **** piety under Trog
   216 | D        | Reached skill level 8 in Unarmed Combat
   218 | D        | Killed an orc warrior
   220 | D        | Reached skill level 9 in Unarmed Combat
   224 | D        | Reached ***** piety under Trog
   230 | D        | Reached XP level 7. HP: 51/80 MP: 6/6
   272 | D        | Noticed a demonic crawler
   275 | D        | HP: 3/120 [demonic crawler (12)]
   276 | D        | Slain by a demonic crawler

Illustrated notes

Levels and vault maps discovered:
D:        pitsprint [storerooms_1, entrance_room_1, metal_vault_8, armoury_1,
          mini_pit_1, grid_room_1, main_hall_1, silver_pit, the_coven_1,
          the_vestibule_1, steel_vault_5, golden_pit, hallway_of_sentries,
          crystal_vault_5, iron_vault_3, final_vault]

Skill      XL: |  1  2  3  4  5  6  7 |
---------------+----------------------+-----
Fighting       | 5 6 8 |  8.2
Dodging        | 5 6 7 8 |  8.1
Unarmed Combat | 6 7 9 |  9.7

Action                     |  1- 3 |  4- 6 |  7- 9 || total
---------------------------+-------+-------+-------++-------
  Melee: Unarmed           |     2 |    48 |    16 ||    66
 Invoke: Berserk           |     1 |     1 |     1 ||     3
 Armour: Animal skin       |     2 |    17 |    17 ||    36
  Dodge: Dodged            |       |    16 |     7 ||    23

Table legend: (Time is in decaauts)
 A = Elapsed time spent in this place.
 B = Non-inter-level travel time spent in this place.
 C = Inter-level travel time spent in this place.
 D = Time resting spent in this place.
 E = Time spent auto-exploring this place.
 F = Levels seen in this place.
 G = Mean time per level.
                   A        B        C        D        E       F      G
               +--------+--------+--------+--------+--------+-----+--------+
         Total |    289 |    289 |      0 |     48 |     85 |   1 |  289.0 |
       Dungeon |    289 |    289 |      0 |     48 |     85 |   1 |  289.0 |
               +--------+--------+--------+--------+--------+-----+--------+

Top non-repeatable levels by time:
       D: 289 daAuts
